 Dungeon Crawl Stone Soup version 0.27-a0-1177-g245c70e1c0 (console) character file.

Game seed: 3605364849564896893

324435 jejorda2 the Phalangite (level 21, -21/255 HPs)
             Began as a Merfolk Berserker on May 16, 2021.
             Was a High Priest of Trog.
             Demolished by a war gargoyle
             ... wielding a +0 vorpal great mace
             ... led by a peacekeeper
              (36 damage)
             ... on level 4 of the Vaults on May 17, 2021.
             The game lasted 02:30:37 (47951 turns).

jejorda2 the Phalangite (Merfolk Berserker)        Turns: 47951, Time: 02:30:39

Health: -21/255    AC: 31    Str: 24    XL:     21   Next: 60%
Magic:  21/21      EV: 19    Int:  9    God:    Trog [*****.]
Gold:   3497       SH:  0    Dex: 17    Spells: 20/20 levels left

rFire    + . .     SeeInvis +   a - +10 bardiche {vorpal, rCorr Str-5 Int+2}
rCold    + . .     Faith    .   (shield currently unavailable)
rNeg     + . .     Spirit   .   S - +3 plate armour of Vehumet's Regard {Will+ rCorr Slay+3}
rPois    +         Reflect  .   l - +2 helmet {SInv}
rElec    +         Harm     .   v - +1 cloak of Starlight {*Dazzle EV+4 Stlth--}
rCorr    +         Rampage  .   u - +0 pair of gloves
Will     ++++.                  M - +0 pair of boots
Stlth    ..........             e - macabre finger necklace {rN+}
HPRegen  1.52/turn              J - ring "Okhlol" {Fly rPois Str+4 Int+2}
MPRegen  0.17/turn              g - ring of protection from cold
                                N - ring of protection from fire

@: berserking, lethally poisoned (-21 -> -27), strong-willed, flying,
regenerating, very quick
A: (nimble swimmer 2), mertail, iridescent scales 1, agile 1, dopey 1,
electricity resistance
}: 2/15 runes: decaying, gossamer
a: Renounce Religion, Berserk, Trog's Hand, Brothers in Arms


You were on level 4 of the Vaults.
You worshipped Trog.
Trog was extremely pleased with you.
You visited 6 branches of the dungeon, and saw 35 of its levels.
You visited the Abyss 2 times.
You visited 1 bazaar.
You also visited: Trove, Sewer, Ossuary, Gauntlet and Ice Cave.

You collected 6347 gold pieces.
You spent 2850 gold pieces at shops.

Inventory:

Hand Weapons
 a - the +10 bardiche of the Endless March (weapon) {vorpal, rCorr Str-5 Int+2}
   (You found it in a treasure trove)

   It inflicts extra damage upon your enemies.
   It affects your strength (-5).
   It affects your intelligence (+2).
   It protects you from acid and corrosion.
 b - a +9 bardiche of flaming
 w - a +9 antimagic bardiche
Missiles
 h - 139 poisoned darts
 p - 5 atropa-tipped darts
 z - 3 boomerangs of dispersal
 C - 4 silver javelins
 E - 16 boomerangs
 I - 14 curare-tipped darts
 O - 32 javelins (quivered)
Armour
 l - a +2 helmet of see invisible (worn)
 u - a +0 pair of gloves (worn)
 v - the +1 cloak of Starlight (worn) {*Dazzle EV+4 Stlth--}
   (You bought it in a shop in a bazaar)

   It affects your evasion (+4).
   It makes you much less stealthy.
 M - a +0 pair of boots (worn)
 S - the +3 plate armour of Vehumet's Regard (worn) {Will+ rCorr Slay+3}
   (You bought it in a shop on level 2 of the Orcish Mines)

   It affects your accuracy and damage with ranged weapons and melee attacks
   (+3).
   It protects you from acid and corrosion.
   It increases your willpower.
Jewellery
 e - the macabre finger necklace (around neck) {rN+}
   (You bought it in a shop on level 10 of the Dungeon)

   [amulet of nothing]

   It enables you to equip an extra ring.
   It protects you from negative energy.
 g - a ring of protection from cold (right hand)
 H - a ring of fire
 J - the ring "Okhlol" (left hand) {Fly rPois Str+4 Int+2}
   (You found it on level 10 of the Dungeon)

   [ring of flight]

   It affects your strength (+4).
   It affects your intelligence (+2).
   It protects you from poison.
   It grants you flight.
 N - a ring of protection from fire (on amulet)
Wands
 c - a wand of iceblast (37)
 n - a wand of flame (11)
 o - a wand of polymorph (81)
 r - a wand of paralysis (31)
 y - a wand of acid (34)
Scrolls
 f - 7 scrolls of fear
 j - 2 scrolls of enchant armour
 k - a scroll of holy word
 q - 13 scrolls of teleportation
 s - 8 scrolls of fog
 x - 19 scrolls of identify
Potions
 d - 13 potions of mutation
 i - 9 potions of curing
 m - 5 potions of attraction
 t - 2 potions of invisibility
 A - 3 potions of resistance
 B - a potion of might
 D - 6 potions of haste
 F - 10 potions of heal wounds
 K - 3 potions of cancellation
 L - 4 potions of berserk rage
 T - a potion of ambrosia
 V - 2 potions of magic
Miscellaneous
 G - a tin of tremorstones (2/2)
 Q - a phial of floods


   Skills:
 + Level 15.6 Fighting
 - Level 26.0 Polearms
 - Level 16.0 Throwing
 + Level 15.6 Armour
 + Level 16.3 Dodging
 - Level 3.0 Stealth
 - Level 9.0 Evocations


You had 20 spell levels left.
You didn't know any spells.
Your spell library contained the following spells:

 Spells                   Type           Power      Damage    Failure   Level
 Corona                   Hex            0%         N/A       97%         1
 Foxfire                  Conj/Fire      0%         2x1d4     97%         1
 Pain                     Necr           0%         1d4       97%         1
 Shock                    Conj/Air       0%         1d3       97%         1
 Summon Small Mammal      Summ           0%         N/A       97%         1
 Animate Dead             Necr           0%         N/A       100%        4
 Cause Fear               Hex            0%         N/A       100%        4
 Ice Form                 Ice/Tmut       0%         N/A       100%        4
 Iskenderun's Mystic Bla  Conj/Tloc      0%         2d3       100%        4
 Leda's Liquefaction      Hex/Erth       0%         N/A       100%        4
 Olgreb's Toxic Radiance  Pois           0%         N/A       100%        4
 Passage of Golubria      Tloc           N/A        N/A       100%        4
 Dragon Form              Tmut           0%         N/A       100%        7
 Dragon's Call            Summ           0%         N/A       100%        9


Dungeon Overview and Level Annotations

Branches:
Dungeon (15/15)            Temple (0/1) D:6            Lair (6/6) D:9
  Swamp (4/4) Lair:4       Spider (4/4) Lair:4        Slime (0/5) Lair:5
    Orc (2/2) D:10            Elf (0/3) Orc:2        Vaults (4/5) D:13
  Crypt (0/3) Vaults:3     Depths (0/5) D:15          Sewer (visited)
Ossuary (visited)           IceCv (visited)         Gauntlet (visited)

Altars:
Ashenzari
Dithmenos
Elyvilon
Fedhas
Hepliaklqana
Kikubaaqudgha
Nemelex Xobeh
Okawaru
Ru
Trog
Uskayaw
Xom
Yredelemnul
Zin
Beogh

Shops:
D:3 *   D:8 *   D:10 =   Orc:2 ([*:(   Vaults:3 !

Annotations:
D:6 2 transporters, bande's ghost, novice GrFi
Spider:1 1 runed translucent door, NateTC's ghost, journeyman FoFi
Orc:1 1 runed translucent door, Taxiw's ghost, journeyman DrTm
Vaults:1 1 runed translucent door, Wyvernaa's ghost, adept DsIE


Innate Abilities, Weirdness & Mutations

((You are quick and stealthy near water. (Stealth+, EV+, Speed+++)))
Your lower body shifts to a powerful aquatic tail in water.
You are partially covered in iridescent scales. (AC +2)
You are agile. (Dex +2)
You are dopey. (Int -2)
You are resistant to electric shocks. (rElec)


Message History

You kill the ironbound preserver!
Trog accepts your kill.
Trog appreciates your killing of a magic user.
You feel very sick.
A manticore comes into view.
You slice the tengu reaver!!
The tengu reaver is heavily wounded.
You feel sick. The war gargoyle closely misses you.
The ironbound convoker casts a spell at the ironbound beastmaster.
The ironbound beastmaster seems to grow stronger.
The ironbound beastmaster closely misses you.
The ironbound beastmaster's vision is obscured by starry radiance!
The tengu reaver hits you with a +1 long sword of holy wrath.
* * * LOW HITPOINT WARNING * * *
The tengu reaver misses you.
The tengu reaver claws you but does no damage.
Unknown command.
You slash the tengu reaver!
The tengu reaver is severely wounded.
You feel very sick.
The war gargoyle hits you with a +0 vorpal great mace.
* * * LOW HITPOINT WARNING * * *
x2 Unknown command.
You barely miss the tengu reaver.
The tengu reaver is severely wounded.
You feel sick.
The manticore changes into a wind drake!
The ironbound convoker casts a spell at the war gargoyle.
The war gargoyle seems to grow stronger.
The tengu reaver casts a spell at you. The bolt of acid misses you.
The ironbound beastmaster hits you with a +0 whip!!
* * * LOW HITPOINT WARNING * * *
You carve the tengu reaver like a ham!!!
You kill the tengu reaver!
Trog accepts your kill.
Trog appreciates your killing of a magic user.
You feel sick.
The war gargoyle hits you with a +0 vorpal great mace!!!
You die...

#....)# ...... #.....)
...... #######
#####'#'###############
......................#
......................#
.......p..............#
......p9..............#
.....k)@...)..........##
#####'###########.....##
# #.....##.....'.
#....)##.....##
##..#..##).)..'.
#..###..'.....## #..#
#..#[....#.
#..###..')....##
##..#..##)....#.


You could see a wind drake shaped shifter, an ironbound beastmaster (strong,
blind), a war gargoyle (strong, catching breath) and an ironbound convoker
(catching breath).

Vanquished Creatures
  A dread lich (Vaults:3)
  Mennas (Vaults:2)
  Margery (Vaults:2)
  Saint Roka (Vaults:3)
  Jory (Vaults:2)
  Nikola (Vaults:1)
  A profane servitor (Abyss:3)
  Arachne (Spider:3)
  2 tentacled monstrosities
  A tentacled starspawn (Abyss:3)
  The ghost of robertstho the Warrior, an adept DrBe of Trog (Swamp:1)
  2 tengu reavers
  A sphinx (Vaults:3)
  Roxanne (Spider:3)
  A fire giant (Vaults:3)
  2 frost giants (Vaults:3)
  4 ghost moths
  8 vault wardens
  A cacodemon (Abyss:3)
  5 emperor scorpions
  A ghoul (Vaults:3)
  5 orc warlords
  11 ironbound preservers
  A deep elf elementalist (Abyss:3)
  12 very ugly things
  2 stone giants (Vaults:3)
  A war gargoyle (Vaults:4)
  A minotaur (Gauntlet)
  4 dire elephants (Lair:6)
  6 entropy weavers
  A spark wasp (Spider:4)
  6 eleionomae
  Snorg (D:14)
  2 ettins
  5 bunyips
  Josephine (Lair:4)
  A crystal guardian (Vaults:4)
  11 yaktaur captains
  2 shambling mangroves (Swamp:3)
  3 fire dragons (Swamp:4)
  5 ironbound thunderhulks
  A great orb of eyes (Vaults:1)
  22 hydras
  2 peacekeepers
  3 ice dragons
  Erica (D:10)
  3 boulder beetles
  3 vault guards
  2 ghost crabs (Swamp:1)
  14 centaur warriors
  4 alligators
  8 ironbound frosthearts
  A catoblepas (D:15)
  5 two-headed ogres
  A death knight (Vaults:3)
  7 death yaks
  A spectral dire elephant (Lair:6)
  4 orc high priests
  3 tengu warriors
  4 thrashing horrors (Abyss:4)
  Urug (D:12)
  An ironbound beastmaster (Vaults:3)
  Sonja (Lair:4)
  A wretched star (Abyss:3)
  4 spectral spriggans (Swamp:1)
  2 hell knights (Vaults:2)
  A spectral anaconda (Lair:6)
  A fire crab (Swamp:4)
  3 large abominations (Abyss:3)
  2 goliath frogs
  22 deep trolls
  An obsidian statue (Lair:6)
  2 lindwurms
  3 swamp dragons (Swamp:4)
  A bog body (Swamp:2)
  13 ironbound convokers
  9 wizards
  Pikel (D:6)
  4 fenstrider witch simulacra (Swamp:1)
  A phantasmal warrior (Vaults:3)
  23 orb spiders
  4 harpies (Vaults:1)
  7 orc knights
  3 deep elf pyromancers
  4 necromancers (Lair:6)
  7 orc sorcerers
  A shining eye (Gauntlet)
  2 manticores
  23 ugly things
  An oklob plant (Gauntlet)
  6 will-o-the-wisps
  13 wolf spiders
  5 cyclopes
  18 elephants
  4 moths of wrath
  A rust devil (Abyss:3)
  7 black mambas
  4 gargoyles
  2 ice statues (IceCv)
  2 torpor snails
  2 apocalypse crabs (Gauntlet)
  An unseen horror (D:10)
  15 vault sentinels
  14 cane toads
  A dire elephant skeleton (Lair:6)
  2 rime drakes (shapeshifter)
  4 rime drakes
  2 ancient zymes
  10 yaktaurs
  8 komodo dragons
  2 tengu conjurers
  14 demonic crawlers
  An efreet (D:15)
  A freezing wraith (Vaults:3)
  2 hydra zombies (Swamp:1)
  A silent spectre (Abyss:4)
  5 trolls
  2 spectral death drakes (Swamp:1)
  28 jumping spiders
  16 slime creatures
  4 bloated husks
  16 hornets
  A polar bear (Lair:6)
  3 meliai (D:15)
  20 blink frogs
  7 tyrant leeches
  4 raiju (Abyss:4)
  7 dream sheep (Lair:5)
  5 starcursed masses (Abyss:3)
  A dire elephant simulacrum (Lair:6)
  53 redbacks
  7 spriggans
  30 tarantellas
  56 yaks
  A vampire (D:11)
  A shadow (D:12)
  7 wraiths
  3 wyverns
  16 humans (D:13)
  A hog (shapeshifter) (D:13)
  A steam dragon (D:8)
  2 basilisks
  16 vampire mosquitoes
  A spectral cane toad (Lair:6)
  2 wargs
  A swamp worm (shapeshifter) (D:14)
  17 swamp worms
  3 acid dragons
  A death drake simulacrum (Swamp:1)
  13 water moccasins
  Purgy (D:3)
  A floating eye (Gauntlet)
  37 orc warriors
  2 sky beasts
  12 swamp drakes
  2 black bears
  5 small abominations
  2 elephant zombies (Lair:6)
  14 ice beasts (IceCv)
  A necrophage (D:5)
  An elephant skeleton (Lair:6)
  6 ogres
  17 wolves
  A wolf (shapeshifter) (Vaults:3)
  4 centaurs
  A phantom (D:5)
  4 kobold brigands
  15 bullfrogs
  3 scorpions
  A wyvern zombie (Ossuary)
  5 cane toad simulacra (Lair:6)
  4 water moccasin zombies
  An elephant simulacrum (Lair:6)
  10 killer bees
  3 wights (D:8)
  An electric eel (Spider:3)
  2 howler monkeys (D:11)
  7 bullfrog zombies
  6 centaur zombies
  2 jellies (Lair:5)
  24 orc priests
  3 hounds
  2 jellies (shapeshifter) (Gauntlet)
  13 mummies (Ossuary)
  Jessica (D:3)
  20 orc wizards
  3 iguanas
  Natasha (thrice) (D:3)
  A killer bee zombie (Ossuary)
  A hound zombie (D:5)
  2 human simulacra (D:12)
  3 howler monkey zombies
  3 gnolls (D:2)
  A river rat (Sewer)
  3 adders
  16 white imps
  3 ufetubi
  An adder skeleton (D:4)
  4 worms
  4 dart slugs
  112 orcs
  10 endoplasms
  6 giant cockroaches
  5 goblins
  10 hobgoblins
  6 jackals
  3 quokkas
  9 ball pythons
  4 bats
  9 frilled lizards
  22 kobolds
  14 rats
1342 creatures vanquished.

Vanquished Creatures (collateral kills)
  Jorgrun (Orc:1)
  An ironbound preserver (Vaults:2)
  Fannar (D:10)
  A vault guard (Vaults:2)
  A rakshasa (D:14)
  A catoblepas (D:14)
  2 hell knights (Vaults:2)
  3 deep trolls (Vaults:2)
  A wizard (D:14)
  2 ugly things
  A shining eye (shapeshifter) (Gauntlet)
  A cyclops (D:14)
  A vault sentinel (Vaults:2)
  A yaktaur (Vaults:2)
  A tyrant leech (Swamp:2)
  A troll (Orc:1)
  2 slime creatures (Vaults:3)
  A golden eye (Gauntlet)
  3 vampire mosquitoes (Swamp:2)
  2 swamp worms (Swamp:2)
  2 wargs
  8 orc warriors
  An ogre (Orc:2)
  5 orc priests (Orc:2)
  2 orc wizards (Orc:2)
  11 orcs
57 creatures vanquished.

Vanquished Creatures (others)
  Asterion (Vaults:2)
  A hydra (Swamp:4)
  An alligator (Swamp:1)
  A lindwurm (Swamp:4)
  A steam dragon (Swamp:4)
  A swamp worm (Swamp:3)
  A swamp drake (Swamp:4)
  A fire vortex (Swamp:4)
  17 foxfires
  19 fungi
  21 plants
  2 starspawn tentacles (Abyss:3)
  18 withered plants
85 creatures vanquished.

Grand Total: 1484 creatures vanquished

Notes
Turn   | Place    | Note
-------+----------+-------------------------------------------
     0 | D:1      | jejorda2 the Merfolk Berserker began the quest for the Orb.
     0 | D:1      | Reached XP level 1. HP: 18/18 MP: 1/1
   338 | D:1      | Found a faded altar of an unknown god.
   375 | D:1      | Reached XP level 2. HP: 12/24 MP: 2/2
   632 | D:1      | Reached skill level 5 in Polearms
  1019 | D:1      | Reached ** piety under Trog
  1020 | D:1      | Reached XP level 3. HP: 27/29 MP: 3/3
  1193 | D:2      | Reached XP level 4. HP: 37/37 MP: 4/4
  1365 | D:2      | Reached skill level 6 in Polearms
  2419 | D:3      | Found Zin's Purification Station.
  2422 | D:3      | Found a glowing silver altar of Zin.
  2482 | D:3      | Noticed Natasha
  2491 | D:3      | Killed Natasha
  2492 | D:3      | Reached XP level 5. HP: 36/42 MP: 5/5
  2576 | D:3      | Found a broken altar of Ashenzari.
  2588 | D:3      | Noticed Purgy
  2599 | D:3      | Killed Purgy
  2600 | D:3      | Reached skill level 7 in Polearms
  2600 | D:3      | Reached XP level 6. HP: 49/49 MP: 6/6
  2699 | D:3      | Noticed Jessica
  2710 | D:3      | Killed Jessica
  3037 | D:3      | Noticed Natasha
  3049 | D:3      | Killed Natasha
  3271 | D:3      | Found a broken altar of Ashenzari.
  3389 | D:3      | Found Zin's Purification Station.
  3396 | D:3      | Found a glowing silver altar of Zin.
  3874 | D:3      | Found a broken altar of Ashenzari.
  3874 | D:3      | Noticed Natasha
  3887 | D:3      | Killed Natasha
  4104 | D:3      | Found Zin's Purification Station.
  4107 | D:3      | Found a glowing silver altar of Zin.
  4438 | D:4      | Reached skill level 8 in Polearms
  4731 | D:4      | Reached skill level 5 in Fighting
  4731 | D:4      | Reached XP level 7. HP: 56/56 MP: 7/7
  4992 | D:4      | Reached skill level 9 in Polearms
  5399 | D:4      | Gained mutation: You are resistant to electric shocks.
                  | (rElec) [potion of mutation]
  5399 | D:4      | Gained mutation: You are agile. (Dex +2) [potion of
                  | mutation]
  5847 | D:5      | Entered Level 5 of the Dungeon
  5876 | D:5      | Reached skill level 10 in Polearms
  5876 | D:5      | Reached XP level 8. HP: 57/64 MP: 8/8
  5915 | D:5      | Found a glowing drain.
  5952 | Sewer    | Entered a sewer
  6094 | Sewer    | Reached *** piety under Trog
  6653 | D:5      | Reached skill level 11 in Polearms
  6753 | D:5      | Found a shadowy altar of Dithmenos.
  6813 | D:5      | Found an opulent altar of Gozag.
  6814 | D:5      | Found a shimmering altar of Xom.
  6814 | D:5      | Found a hazy altar of Hepliaklqana.
  6817 | D:5      | Found a sparkling altar of Nemelex Xobeh.
  6817 | D:5      | Found a basalt altar of Yredelemnul.
  6817 | D:5      | Found a hide-covered altar of Uskayaw.
  6960 | D:6      | Found a transporter.
  6963 | D:6      | Found a transporter.
  6963 | D:6      | Noticed bande's ghost (novice GrFi)
  7024 | D:6      | Found a sacrificial altar of Ru.
  7276 | D:6      | Found a staircase to the Ecumenical Temple.
  7288 | D:6      | Noticed Pikel
  7310 | D:6      | Killed Pikel
  7311 | D:6      | Reached skill level 12 in Polearms
  7311 | D:6      | Reached XP level 9. HP: 69/69 MP: 9/9
  7323 | D:6      | Reached skill level 13 in Polearms
  7515 | D:6      | Reached skill level 5 in Armour
  7656 | D:7      | Found a sand-covered staircase.
  7666 | Ossuary  | Entered an ossuary
  7762 | Ossuary  | Reached skill level 14 in Polearms
  7822 | Ossuary  | Reached **** piety under Trog
  8149 | D:7      | Reached XP level 10. HP: 71/76 MP: 10/10
  8362 | D:7      | Found an iron altar of Okawaru.
  8487 | D:7      | Identified a scroll of acquirement
  8487 | D:7      | Acquired the ring "Letiypto" {rElec EV+4 Int+3 Dex+4 SInv}
  8583 | D:8      | Reached skill level 15 in Polearms
  8906 | D:8      | Found Xaskyl's Assorted Antiques.
  8914 | D:8      | Bought a scroll labelled ZOLEAX JO HEO for 25 gold pieces
  8914 | D:8      | Bought a lumpy golden potion for 22 gold pieces
  8914 | D:8      | Bought a dazzling chain mail for 237 gold pieces
  8914 | D:8      | Identified the +1 chain mail of Taxt {Str+3 Int-5 Dex+9}
                  | (You bought it in a shop on level 8 of the Dungeon)
  9412 | D:8      | Reached skill level 1 in Evocations
  9487 | D:9      | Reached skill level 16 in Polearms
  9683 | D:9      | Reached ***** piety under Trog
  9774 | D:9      | Found a staircase to the Lair.
  9868 | D:9      | Reached skill level 17 in Polearms
 10003 | D:9      | Reached XP level 11. HP: 48/81 MP: 11/11
 10070 | D:9      | Found a hazy altar of Hepliaklqana.
 10113 | D:9      | Found a white marble altar of Elyvilon.
 10285 | D:9      | Reached skill level 18 in Polearms
 10300 | D:9      | Noticed a moth of wrath
 10425 | D:9      | Found a bloodstained altar of Trog.
 10494 | D:10     | Entered Level 10 of the Dungeon
 10494 | D:10     | Noticed a two-headed ogre
 10583 | D:10     | Identified the ring "Okhlol" {Fly rPois Str+4 Int+2}
 10755 | D:10     | Found a blossoming altar of Fedhas.
 10784 | D:10     | Found Woiwir's Jewellery Boutique.
 10822 | D:10     | Noticed Fannar
 10832 | D:10     | Killed Fannar
 10949 | D:10     | Reached skill level 19 in Polearms
 11072 | D:10     | Found a staircase to the Orcish Mines.
 11135 | D:10     | Killed a two-headed ogre
 11413 | D:11     | Found an iron altar of Okawaru.
 11488 | D:11     | Found a portal to a secret trove of treasure.
 11580 | D:11     | Reached skill level 20 in Polearms
 11599 | D:11     | Reached skill level 1 in Throwing
 11628 | D:11     | Noticed a cyclops
 11637 | D:11     | Killed a cyclops
 11732 | D:11     | Reached skill level 5 in Dodging
 12037 | D:12     | Found a gate leading to a gauntlet.
 12047 | Gauntlet | Entered a Gauntlet
 12047 | Gauntlet | Found a transporter.
 12059 | Gauntlet | Found a transporter.
 12059 | Gauntlet | Noticed an oklob plant
 12062 | Gauntlet | Found a transporter.
 12063 | Gauntlet | Found a transporter.
 12070 | Gauntlet | Found a runed translucent door.
 12073 | Gauntlet | Found a transporter.
 12073 | Gauntlet | Noticed a shining eye
 12076 | Gauntlet | Found a transporter.
 12077 | Gauntlet | Found a transporter.
 12084 | Gauntlet | Found a runed translucent gate.
 12085 | Gauntlet | Found a runed translucent gate.
 12086 | Gauntlet | Found a transporter.
 12089 | Gauntlet | Found a transporter.
 12090 | Gauntlet | Found a transporter.
 12098 | Gauntlet | Found a transporter.
 12098 | Gauntlet | Found a runed translucent gate.
 12101 | Gauntlet | Found a transporter.
 12102 | Gauntlet | Found a transporter.
 12109 | Gauntlet | Noticed a shining eye
 12109 | Gauntlet | an elephant changed into a shining eye
 12110 | Gauntlet | a shining eye changed into a torpor snail
 12119 | Gauntlet | Noticed a two-headed ogre
 12119 | Gauntlet | a redback changed into a two-headed ogre
 12120 | Gauntlet | Found a transporter.
 12121 | Gauntlet | Noticed a lindwurm
 12121 | Gauntlet | a two-headed ogre changed into a lindwurm
 12127 | Gauntlet | Noticed a swamp dragon
 12127 | Gauntlet | a lindwurm changed into a swamp dragon
 12223 | Gauntlet | Killed an oklob plant
 12279 | Gauntlet | Received a gift from Trog
 12282 | Gauntlet | Killed a shining eye
 12283 | Gauntlet | Reached XP level 12. HP: 88/88 MP: 12/12
 12447 | Gauntlet | Gained mutation: You are dopey. (Int -2) [a shining eye]
 12510 | Gauntlet | Noticed a minotaur
 12518 | Gauntlet | Killed a minotaur
 12519 | Gauntlet | Reached skill level 5 in Evocations
 12524 | Gauntlet | Identified Ruegres's First Steps in Spellweaving
 12524 | Gauntlet | Identified Advanced Spellcraft
 12797 | D:12     | Reached skill level 5 in Throwing
 12817 | D:12     | Noticed Urug
 12828 | D:12     | Killed Urug
 13560 | Orc:1    | Entered Level 1 of the Orcish Mines
 13572 | Orc:1    | Noticed Erica
 13619 | D:10     | Killed Erica
 13980 | Orc:2    | Entered Level 2 of the Orcish Mines
 13980 | Orc:2    | Found Wenuv's Antique Weapon Shop.
 13986 | Orc:2    | Noticed a two-headed ogre
 14000 | Orc:2    | Killed a two-headed ogre
 14142 | Orc:2    | Noticed an orc warlord
 14256 | Orc:2    | Killed an orc warlord
 14392 | Orc:2    | Found a staircase to the Elven Halls.
 14536 | Orc:2    | Reached XP level 13. HP: 85/95 MP: 13/13
 14922 | Orc:2    | Received a gift from Trog
 15040 | Orc:2    | Noticed an orc warlord
 15075 | Orc:2    | Killed an orc warlord
 15712 | Orc:2    | Found Pizxietz's General Store.
 15713 | Orc:2    | Found Yroeqis's Book Boutique.
 15715 | Orc:2    | Found Unoridel's Antique Armour Shop.
 15715 | Orc:2    | Found Essuplel's Antique Weapon Shop.
 15759 | Orc:2    | Reached skill level 21 in Polearms
 15943 | Orc:2    | Bought a glowing cloak for 225 gold pieces
 15943 | Orc:2    | Bought a twisted plate armour for 840 gold pieces
 15943 | Orc:2    | Identified the +3 plate armour of Vehumet's Regard {Will+
                  | rCorr Slay+3} (You bought it in a shop on level 2 of the
                  | Orcish Mines)
 16022 | Orc:1    | Noticed Jorgrun
 16043 | Orc:1    | Killed Jorgrun
 16120 | Orc:1    | Found a runed translucent door.
 16120 | Orc:1    | Found a shimmering altar of Xom.
 16120 | Orc:1    | Noticed Taxiw's ghost (journeyman DrTm)
 16390 | Lair:1   | Entered Level 1 of the Lair of Beasts
 16868 | Lair:1   | Identified the +6 quarterstaff "Nuhiazeung" {vamp, Will-
                  | Int+5}
 17161 | Lair:2   | Found an ancient bone altar of Kikubaaqudgha.
 17850 | Lair:3   | Reached XP level 14. HP: 106/106 MP: 14/14
 17859 | Lair:3   | Reached skill level 22 in Polearms
 18692 | Lair:4   | Noticed Sonja
 18695 | Lair:4   | Killed Sonja
 18711 | Lair:4   | Noticed Josephine
 18718 | Lair:4   | Killed Josephine
 18736 | Lair:4   | Received a gift from Trog
 18765 | Lair:4   | Found a frozen archway.
 18791 | IceCv    | Entered an ice cave
 18821 | IceCv    | Reached skill level 23 in Polearms
 19038 | IceCv    | Reached skill level 10 in Fighting
 20040 | Lair:4   | Found a hole to the Spider Nest.
 20218 | Lair:4   | Found a staircase to the Swamp.
 20558 | Lair:5   | Received a gift from Trog
 20661 | Lair:5   | Reached skill level 24 in Polearms
 20700 | Lair:5   | Reached XP level 15. HP: 113/117 MP: 15/15
 20884 | Lair:5   | Found a staircase to the Slime Pits.
 21574 | Lair:6   | Entered Level 6 of the Lair of Beasts
 21622 | Lair:6   | Received a gift from Trog
 22459 | Lair:6   | Reached skill level 25 in Polearms
 23329 | Lair:6   | Received a gift from Trog
 23845 | D:13     | Reached XP level 16. HP: 96/127 MP: 16/16
 24004 | D:13     | Found a gate to the Vaults.
 24557 | D:14     | Noticed Snorg
 24574 | D:14     | Killed Snorg
 24874 | D:14     | Cast into level 3 of the Abyss (a wizard)
 24878 | Abyss:3  | Received a gift from Trog
 24890 | Abyss:3  | Gained mutation: You are partially covered in iridescent
                  | scales. (AC +2) [a cacodemon]
 24891 | Abyss:3  | Noticed a profane servitor
 24900 | Abyss:3  | Killed a profane servitor
 24900 | Abyss:3  | Noticed a tentacled starspawn
 24904 | Abyss:3  | Reached skill level 26 in Polearms
 24913 | Abyss:3  | Killed a tentacled starspawn
 24935 | D:14     | Escaped the Abyss
 25024 | D:11     | You paid a toll of a +6 demon whip to enter a treasure
                  | trove
 25025 | Trove    | Entered a treasure trove
 25027 | Trove    | Found a bloodstained altar of Trog.
 25343 | Trove    | Identified the +10 bardiche of the Endless March {vorpal,
                  | rCorr Str-5 Int+2}
 25352 | Trove    | Identified the +0 mace of Unol {vamp, Str+5 Dex+2}
 25355 | Trove    | Identified the +5 arbalest "Killer Klown's Foe" {penet,
                  | *Corrode rPois Int+3 Stlth+}
 25373 | Trove    | Identified the +4 glaive of Egomania {flame, Will+}
 25376 | Trove    | Identified the +10 halberd of the Eternal Void {antimagic,
                  | rC+ Dex+4}
 25452 | D:14     | You are sucked into a shaft and drop 1 floor!
 25452 | D:15     | Entered Level 15 of the Dungeon
 25503 | D:15     | Found a staircase to the Depths.
 25915 | D:15     | Reached skill level 10 in Dodging
 26757 | Lair:4   | Received a gift from Trog
 26804 | Swamp:1  | Entered Level 1 of the Swamp
 27391 | Swamp:1  | You are sucked into a shaft and drop 1 floor!
 27401 | Swamp:2  | Reached XP level 17. HP: 135/135 MP: 17/17
 27855 | Swamp:1  | Found a runed translucent gate.
 27855 | Swamp:1  | Found a runed translucent gate.
 27855 | Swamp:1  | Found a runed translucent gate.
 27860 | Swamp:1  | Noticed robertstho's ghost (adept DrBe)
 27874 | Swamp:1  | Killed robertstho's ghost
 27905 | Swamp:1  | Identified the +11 glaive of Eliuceyw {vorpal, Fragile
                  | +Rage Str+9} (Trog gifted it to you on level 1 of the
                  | Swamp)
 27905 | Swamp:1  | Received a gift from Trog
 28148 | Swamp:1  | Identified Inaxt's Grimoire of Reanimation Made Easy
 29109 | Swamp:2  | Identified the amulet "Zylok" {Reflect Rampage rC- Str-5
                  | Dex+6 SH+5}
 29165 | Swamp:2  | Reached skill level 10 in Armour
 30203 | Swamp:4  | Entered Level 4 of the Swamp
 30559 | Swamp:4  | Received a gift from Trog
 30697 | Swamp:4  | Reached skill level 10 in Throwing
 30968 | Swamp:4  | Got a decaying rune of Zot
 31273 | Swamp:4  | Reached XP level 18. HP: 135/145 MP: 18/18
 31377 | Swamp:4  | Noticed a tentacled monstrosity
 31386 | Swamp:4  | Killed a tentacled monstrosity
 31955 | D:10     | Bought a ring of protection from fire for 375 gold pieces
 32080 | Spider:1 | Entered Level 1 of the Spider Nest
 33133 | Spider:1 | Found a runed translucent door.
 33133 | Spider:1 | Found a shimmering altar of Xom.
 33133 | Spider:1 | Noticed NateTC's ghost (journeyman FoFi)
 33202 | Spider:2 | Reached ****** piety under Trog
 33227 | Spider:2 | Identified the +0 scale mail of the Arcane {rF+ Str+4
                  | Int+3}
 33257 | Spider:2 | Acquired 1375 gold pieces
 33384 | Spider:2 | Received a gift from Trog
 33690 | Spider:3 | Noticed Arachne
 33739 | Spider:2 | HP: 1/146 [entropy weaver (8)]
 34681 | Spider:3 | Killed Arachne
 34897 | Spider:3 | Noticed Roxanne
 34914 | Spider:3 | Killed Roxanne
 35358 | Spider:4 | Entered Level 4 of the Spider Nest
 35371 | Spider:3 | Received a gift from Trog
 36561 | Spider:4 | Reached XP level 19. HP: 120/152 MP: 9/19
 36619 | Spider:4 | Received a gift from Trog
 36830 | Spider:4 | Reached skill level 1 in Stealth
 37556 | Spider:4 | Got a gossamer rune of Zot
 38087 | D:10     | Bought the macabre finger necklace {rN+} for 600 gold
                  | pieces
 38087 | D:10     | Found the macabre finger necklace {rN+}
 38185 | Vaults:1 | Entered Level 1 of the Vaults
 38903 | Vaults:1 | Acquired a manual of Armour
 39443 | Vaults:1 | Noticed Nikola
 39454 | Vaults:1 | Killed Nikola
 40913 | Vaults:1 | Found a runed translucent door.
 40913 | Vaults:1 | Found a shimmering altar of Xom.
 40913 | Vaults:1 | Noticed Wyvernaa's ghost (adept DsIE)
 40913 | Vaults:1 | Identified the +5 halberd of Puavet Xuiz {chaos, Will+
                  | rCorr Dex+7}
 41051 | Vaults:2 | Noticed Margery
 41051 | Vaults:2 | You are sucked into a shaft and drop 2 floors!
 41177 | Vaults:3 | Found a staircase to the Crypt.
 41369 | Vaults:3 | Reached XP level 20. HP: 67/159 MP: 20/20
 41568 | Vaults:2 | Noticed Jory
 41586 | Vaults:2 | Killed Jory
 41643 | Vaults:2 | Killed Margery
 41657 | Vaults:2 | Reached skill level 15 in Throwing
 41681 | Vaults:2 | Found a flickering gateway to a bazaar.
 41689 | Bazaar   | Entered a bazaar
 41689 | Bazaar   | Found Kiniha's General Store.
 41689 | Bazaar   | Found Archosydghe's General Store.
 42018 | Bazaar   | Found Vazielub's Weapon Shoppe.
 42034 | Bazaar   | Found Babesi's Armour Emporium.
 42052 | Bazaar   | Bought the +1 cloak of Starlight {*Dazzle EV+4 Stlth--} for
                  | 274 gold pieces
 42052 | Bazaar   | Found the +1 cloak of Starlight {*Dazzle EV+4 Stlth--}
 42525 | Vaults:2 | Noticed Mennas
 42571 | Vaults:2 | Killed Mennas
 42987 | Vaults:2 | Noticed Asterion
 42999 | Vaults:2 | Killed Asterion
 44623 | Vaults:3 | Noticed a dread lich
 44636 | Vaults:3 | Killed a dread lich
 45593 | Vaults:3 | Reached skill level 15 in Dodging
 45605 | Vaults:3 | Reached XP level 21. HP: 155/166 MP: 21/21
 45702 | Vaults:3 | Noticed Saint Roka
 45717 | Vaults:3 | Cast into level 4 of the Abyss (Saint Roka)
 45835 | Vaults:3 | Escaped the Abyss
 45852 | Vaults:3 | Killed Saint Roka
 45877 | Vaults:3 | Reached skill level 15 in Armour
 45880 | Vaults:3 | Reached skill level 15 in Fighting
 46471 | Vaults:3 | Found Qeuwydea's Distillery.
 46478 | Vaults:3 | Bought a potion of curing for 42 gold pieces
 46478 | Vaults:3 | Bought a potion of heal wounds for 70 gold pieces
 46478 | Vaults:3 | Bought a potion of heal wounds for 70 gold pieces
 46478 | Vaults:3 | Bought a potion of heal wounds for 70 gold pieces
 47585 | Vaults:4 | Received a gift from Trog
 47951 | Vaults:4 | Demolished by a war gargoyle

Illustrated notes

Levels and vault maps discovered:
D:1:      dpeg_arrival_court, layout_basic, ebering_ecumenical_altar_rust,
          minmay_bisected
D:2:      layout_rooms, hex_large, kennysheep_doodads
D:3:      layout_loops_ring, zin_purify, ashenzari_conservatory_becter,
          kennysheep_cross_room, uniq_purgy, uniq_natasha, uniq_jessica
D:4:      minmay_polygon_palace, layout_basic
D:5:      layout_rooms, doesnt_xom_only_xom, grunt_dithmenos_shadows,
          cheibrodos_sewer_entry_drain
D:6:      layout_loops_cross, nicolae_ru_awakened_eye,
          minmay_temple_entry_waves, gammafunk_ghost_arena,
          minmay_strange_pillars, uniq_pikel
D:7:      layout_rooms, marbit_many_paths, lightli_ossuary_entry_decrepit_ruins,
          minivault_25
D:8:      layout_basic, serial_shops, nicolae_shop_waterfront,
          minmay_misc_feat_plants
D:9:      layout_roguey [special_room_orc], worldfamousw_hep_ancestral_shrine,
          tgw_trog, elyvilon_altar_1, grunt_lair_entry_orc_guard_hut
D:10:     layout_big_octagon, lemuel_round_altar, david_orc_5, serial_shops,
          shop, kennysheep_nondescript, ebering_dispersal_statue_hall,
          eino_jars, uniq_fannar
D:11:     layout_small_grid, enter_trove_1, okawaru_trees_2
D:12:     layout_irregular_city, gauntlet_entry_generic, bh_circular_ruins,
          uniq_urug
D:13:     layout_rooms, david_vaults_3, serial_glass, glass_columns_c,
          glass_columns_b, glass_columns_a, glass_columns_a
D:14:     layout_rooms, uniq_snorg
D:15:     hangedman_depths_entry_civil_slaughter, layout_basic,
          kennysheep_pointless_box
Lair:1:   layout_hall_layers, serial_bayou_pond_a, cheibrodos_lair_reptile_den
Lair:2:   layout_chaotic_city, basic_altar, chequers_serial_rivers_room_a,
          serial_bayou_pond_d, lemuel_fruit_tree, grunt_megastairs_5
Lair:3:   layout_chaotic_city, chequers_serial_rivers_micro_d
Lair:4:   layout_hall_layers, palyth_hydra_swamp_entry, spider_nest_entry_a,
          portal_ice_cave_entry_imps, bobbens_ice_dragon_lair, uniq_josephine,
          uniq_sonja
Lair:5:   layout_regular_city, minmay_slime_entry_pillars,
          chequers_serial_rivers_small_3
Lair:6:   due_jungle_book, layout_cave_pods
Swamp:1:  layout_basic_swamp, gammafunk_ghost_necromancy,
          evilmike_swamp_ruin_house_5, swamp_pool3,
          nicolae_swamp_necromancy_gone_wrong
Swamp:2:  layout_basic_swamp, hangedman_swamp_lotus, swamp_pool2, worms_lemuel,
          infiniplex_staircase_pool
Swamp:3:  layout_falls_marsh, serial_swamp_ruin, evilmike_swamp_ruin_house_2,
          hangedman_swamp_ruin_wall
Swamp:4:  swamp_fiery, layout_basic_swamp
Spider:1: layout_spider_delve, ebering_ghost_xom
Spider:2: layout_spider_delve
Spider:3: layout_spider_delve, uniq_roxanne, uniq_arachne
Spider:4: johnstein_spider_rune_arachne_lair
Orc:1:    layout_caves, ebering_ghost_xom, uniq_erica, uniq_jorgrun
Orc:2:    st_orc_congregation, layout_caves, serial_shops, shop
Vaults:1: ebering_vaults_ghost_xom, v_misc_19, v_misc_19,
          hangedman_vaults_nails, ontoclasm_vaults_ligature, v_rooms_3,
          v_alt_pattern_5, nicolae_vaults_alarming, v_misc_11,
          ontoclasm_vaults_chip, layout_vaults_omnigrid, uniq_nikola
Vaults:2: nicolae_vaults_disjoint_gnomons, v_pattern_1, v_misc_25,
          nicolae_vaults_ring_of_whatevers, nicolae_vaults_yaktaur_gun_rack,
          nicolae_vaults_theta, ontoclasm_vaults_gateway,
          layout_vaults_big_room, serial_shops, bzr_entry_lakeside, uniq_mennas,
          uniq_margery, uniq_asterion, uniq_jory
Vaults:3: v_misc_32, vaults_room_fours, ontoclasm_vaults_loading_screen,
          grunt_vaults_funnel, vaults_dpeg_cross, vaults_dpeg_spiral,
          nicolae_vaults_network_quinsquares
          [nicolae_vaults_network_quincunx_subvault,
          nicolae_vaults_network_quincunx_subvault,
          nicolae_vaults_network_quincunx_subvault,
          nicolae_vaults_network_quincunx_subvault],
          minmay_crypt_entry_simple_round, v_pattern_5,
          vaults_standard_mumra_lines, dpeg_vaults_pockets_of_resistance,
          layout_vaults_maze, serial_shops, shop, uniq_saint_roka
Vaults:4: vaults_room_hangedman_quadrants, vaults_room_hallway, v_misc_10,
          v_misc_26, grunt_vaults_focal, v_pattern_4, v_misc_4,
          ontoclasm_vaults_loading_screen, hangedman_vaults_river_flow,
          vaults_dpeg_ring, v_misc_24, layout_vaults_ring

Skill      XL: |  1  2  3  4  5  6  7  8  9 10 11 12 13 14 15 16 17 18 19 20 21 |
---------------+----------------------------------------------------------------+-----
Polearms       | 5 6 7 8 10 12 14 17 20 21 24 25 26 | 26.0
Armour         | 2 3 4 5 6 7 8 9 10 12 14 15 | 15.6
Fighting       | 4 5 6 8 10 12 13 14 15 | 15.6
Dodging        | 3 5 7 8 10 12 13 14 15 16 | 16.3
Evocations     | 1 3 7 9 |  9.0
Throwing       | 3 6 7 8 10 11 13 16 | 16.0
Stealth        | 3 |  3.0

Action                   |  1- 3 |  4- 6 |  7- 9 | 10-12 | 13-15 | 16-18 | 19-21 || total
-------------------------+-------+-------+-------+-------+-------+-------+-------++-------
Melee: Spear             |    81 |   200 |   165 |       |       |       |       ||   446
       Unarmed           |       |     6 |       |       |       |       |       ||     6
       Trident           |       |       |   415 |   160 |       |       |       ||   575
       Tailslap          |       |       |    10 |       |       |       |       ||    10
       Glaive            |       |       |       |   622 |   579 |       |       ||  1201
       Bardiche          |       |       |       |       |   474 |   986 |   943 ||  2403
Throw: Stone             |     5 |       |       |       |       |       |       ||     5
       Dart              |       |     4 |     7 |    42 |    44 |    31 |    51 ||   179
       Boomerang         |       |       |       |       |    15 |    81 |     3 ||    99
       Javelin           |       |       |       |       |       |       |    11 ||    11
Invok: Berserk           |     1 |     4 |     4 |    10 |     8 |     5 |     8 ||    40
       Trog's Hand       |       |     4 |     5 |     8 |    10 |     4 |    15 ||    46
       Brothers in Arms  |       |       |       |     5 |     3 |     4 |     5 ||    17
Evoke: Tin of tremorston |       |       |       |       |     1 |     4 |     2 ||     7
       Wand              |       |       |       |       |     1 |       |     1 ||     2
       Phial of floods   |       |       |       |       |       |       |     2 ||     2
  Use: Potion            |       |     1 |     3 |     1 |     4 |     7 |     2 ||    18
       Scroll            |       |       |    10 |    15 |     3 |     7 |    12 ||    47
 Stab: Sleeping          |     2 |       |       |       |       |     1 |       ||     3
       Distracted        |       |     1 |       |     1 |     1 |       |     3 ||     6
       Confused          |       |       |       |       |       |     1 |       ||     1
       Held in net/web   |       |       |       |       |       |       |     3 ||     3
       Invisible         |       |       |       |       |       |       |    11 ||    11
Armor: Animal skin       |     1 |       |       |       |       |       |       ||     1
       Leather armour    |     9 |     4 |       |       |       |       |       ||    13
       Chain mail        |       |    27 |   212 |    29 |       |       |       ||   268
       Plate armour      |       |       |       |   184 |   298 |   568 |   305 ||  1355
Dodge: Dodged            |    22 |    55 |   159 |   302 |   410 |   732 |   343 ||  2023

Table legend: (Time is in decaauts)
 A = Elapsed time spent in this place.
 B = Non-inter-level travel time spent in this place.
 C = Inter-level travel time spent in this place.
 D = Time resting spent in this place.
 E = Time spent auto-exploring this place.
 F = Levels seen in this place.
 G = Mean time per level.
                   A        B        C        D        E       F      G
               +--------+--------+--------+--------+--------+-----+--------+
         Total |  46346 |  43472 |   2874 |   3998 |  31905 |  43 | 1077.8 |
       Dungeon |  14823 |  13545 |   1278 |   1169 |  10023 |  15 |  988.2 |
          Lair |   6979 |   6292 |    687 |    404 |   4858 |   6 | 1163.2 |
         Swamp |   4553 |   4407 |    146 |    288 |   3493 |   4 | 1138.2 |
   Spider Nest |   5551 |   5357 |    194 |    585 |   3944 |   4 | 1387.8 |
  Orcish Mines |   2670 |   2449 |    221 |    621 |   1123 |   2 | 1335.0 |
        Vaults |   9046 |   8699 |    347 |    584 |   6959 |   4 | 2261.5 |
         Abyss |    152 |    152 |      0 |      0 |      0 |   2 |   76.0 |
        Bazaar |    390 |    390 |      0 |      0 |    361 |   1 |  390.0 |
         Trove |    365 |    365 |      0 |      0 |    321 |   1 |  365.0 |
         Sewer |    384 |    384 |      0 |      0 |    281 |   1 |  384.0 |
       Ossuary |    321 |    321 |      0 |      0 |    154 |   1 |  321.0 |
      Ice Cave |    510 |    510 |      0 |    157 |    187 |   1 |  510.0 |
      Gauntlet |    596 |    596 |      0 |    187 |    198 |   1 |  596.0 |
               +--------+--------+--------+--------+--------+-----+--------+

Top non-repeatable levels by time:
Vaults:3: 3665 daAuts
Vaults:1: 2724 daAuts
     D:3: 2359 daAuts
   Orc:2: 1957 daAuts
  Lair:6: 1647 daAuts
Vaults:2: 1617 daAuts
Spider:3: 1613 daAuts
Spider:4: 1523 daAuts
  Lair:4: 1391 daAuts
  Lair:5: 1354 daAuts
     D:4: 1347 daAuts
Spider:2: 1326 daAuts
 Swamp:1: 1307 daAuts
 Swamp:3: 1295 daAuts
     D:1: 1152 daAuts
